Workbook

Sheet GERAL_MAIO
A1: MOBS | B1: NOMES | C1: AGENCIA | D1: VALOR VENDIDO | E1: PERCENTAGEM | F1: COMISSÃO | G1: VALOR EM DÍVIDA | H1: DESCONTO | I1: IRT | J1: IMPOSTO | K1: A PAGAR | L1: ASSINATURA
A2: MOB 07 | B2: Lady | C2: PALANCA | D2: 264250 | E2: 0.08 | F2: =D2*E2 -> 21140 | G2: 0 | H2: 0 | I2: 0 | J2: =F2*I2 -> 0 | K2: =ROUNDUP((F2-J2+H2),-2) -> 21200
A3: MOB 08 | B3: Rodrigo | D3: 168000 | E3: 0.08 | F3: =D3*E3 -> 13440 | G3: 0 | H3: -3500 | I3: 0 | J3: =F3*I3 -> 0 | K3: =ROUNDUP((F3-J3+H3),-2) -> 10000
A4: MOB 09 | B4: Gisa | D4: 281650 | E4: 0.08 | F4: =D4*E4 -> 22532 | G4: 0 | H4: 0 | I4: 0 | J4: =F4*I4 -> 0 | K4: =ROUNDUP((F4-J4+H4),-2) -> 22600
A5: MOB 10 | B5: Jeremia | D5: 581000 | E5: 0.08 | F5: =D5*E5 -> 46480 | G5: 0 | H5: 0 | I5: 0.105 | J5: =F5*I5 -> 4880.4 | K5: =ROUNDUP((F5-J5+H5),-2) -> 41600
A6: MOB 11 | B6: Guelord | D6: 197100 | E6: 0.08 | F6: =D6*E6 -> 15768 | G6: 0 | H6: 0 | I6: 0 | J6: =F6*I6 -> 0 | K6: =ROUNDUP((F6-J6+H6),-2) -> 15800
A7: MOB 12 | B7: Alvarito | D7: 361650 | E7: 0.08 | F7: =D7*E7 -> 28932 | G7: 0 | H7: 0 | I7: 0.105 | J7: =F7*I7 -> 3037.86 | K7: =ROUNDUP((F7-J7+H7),-2) -> 25900
A8: MOB 13 | B8: Jerry | D8: 979500 | E8: 0.08 | F8: =D8*E8 -> 78360 | G8: 0 | H8: 0 | I8: 0.105 | J8: =F8*I8 -> 8227.8 | K8: =ROUNDUP((F8-J8+H8),-2) -> 70200
A9: MOB 14 | B9: Roger Domingos | D9: 141100 | E9: 0.08 | F9: =D9*E9 -> 11288 | G9: 0 | H9: 0 | I9: 0 | J9: =F9*I9 -> 0 | K9: =ROUNDUP((F9-J9+H9),-2) -> 11300
A10: MOB 15 | B10: Davina | D10: 460000 | E10: 0.08 | F10: =D10*E10 -> 36800 | G10: 62500 | H10: -12500 | I10: 0.105 | J10: =F10*I10 -> 3864 | K10: =ROUNDUP((F10-J10+H10),-2) -> 20500 | M10: 62500
A11: MOB 16 | B11: Afonso da Costa | D11: 269050 | E11: 0.08 | F11: =D11*E11 -> 21524 | G11: 62500 | H11: -14500 | I11: 0 | J11: =F11*I11 -> 0 | K11: =ROUNDUP((F11-J11+H11),-2) -> 7100 | M11: 62500
A12: MOB 17 | B12: pascoal | D12: 423250 | E12: 0.08 | F12: =D12*E12 -> 33860 | G12: 0 | H12: 0 | I12: 0.105 | J12: =F12*I12 -> 3555.3 | K12: =ROUNDUP((F12-J12+H12),-2) -> 30400
A13: MOB 18 | B13: Lopes Benga | D13: 444150 | E13: 0.08 | F13: =D13*E13 -> 35532 | G13: 0 | H13: -15000 | I13: 0.105 | J13: =F13*I13 -> 3730.86 | K13: =ROUNDUP((F13-J13+H13),-2) -> 16900
A14: MOB 19 | B14: Prince Bosako | D14: 891000 | E14: 0.08 | F14: =D14*E14 -> 71280 | G14: 0 | H14: 0 | I14: 0.105 | J14: =F14*I14 -> 7484.4 | K14: =ROUNDUP((F14-J14+H14),-2) -> 63800
A15: MOB 20 | B15: Madraul Dayo | D15: 699200 | E15: 0.08 | F15: =D15*E15 -> 55936 | G15: 0 | H15: 0 | I15: 0.105 | J15: =F15*I15 -> 5873.28 | K15: =ROUNDUP((F15-J15+H15),-2) -> 50100
A16: MOB 21 | B16: Basilio | D16: 222900 | E16: 0.08 | F16: =D16*E16 -> 17832 | G16: 0 | H16: 0 | I16: 0 | J16: =F16*I16 -> 0 | K16: =ROUNDUP((F16-J16+H16),-2) -> 17900
A17: MOB 22 | B17: Margarida | D17: 190450 | E17: 0.08 | F17: =D17*E17 -> 15236 | G17: 0 | H17: 0 | I17: 0 | J17: =F17*I17 -> 0 | K17: =ROUNDUP((F17-J17+H17),-2) -> 15300
A18: MOB 23 | B18: Noe de Jesus | D18: 86200 | E18: 0.08 | F18: =D18*E18 -> 6896 | G18: 0 | H18: 0 | I18: 0 | J18: =F18*I18 -> 0 | K18: =ROUNDUP((F18-J18+H18),-2) -> 6900
A19: MOB 24 | D19: 0 | E19: 0.08 | F19: =D19*E19 -> 0 | G19: 0 | H19: 0 | I19: 0 | J19: =F19*I19 -> 0 | K19: =ROUNDUP((F19-J19+H19),-2) -> 0
A20: MOB 25 | D20: 0 | E20: 0.08 | F20: =D20*E20 -> 0 | G20: 0 | H20: 0 | I20: 0 | J20: =F20*I20 -> 0 | K20: =ROUNDUP((F20-J20+H20),-2) -> 0
A21: MOB 26 | D21: 0 | E21: 0.08 | F21: =D21*E21 -> 0 | G21: 0 | H21: 0 | I21: 0 | J21: =F21*I21 -> 0 | K21: =ROUNDUP((F21-J21+H21),-2) -> 0
A22: MOB 27 | B22: Justine Tomena | D22: 168200 | E22: 0.08 | F22: =D22*E22 -> 13456 | G22: 0 | H22: 0 | I22: 0 | J22: =F22*I22 -> 0 | K22: =ROUNDUP((F22-J22+H22),-2) -> 13500
A23: MOB 28 | B23: Maravilha | D23: 323100 | E23: 0.08 | F23: =D23*E23 -> 25848 | G23: 0 | H23: 0 | I23: 0.105 | J23: =F23*I23 -> 2714.04 | K23: =ROUNDUP((F23-J23+H23),-2) -> 23200
A24: MOB 29 | D24: 0 | E24: 0.08 | F24: =D24*E24 -> 0 | G24: 0 | H24: 0 | I24: 0 | J24: =F24*I24 -> 0 | K24: =ROUNDUP((F24-J24+H24),-2) -> 0
A25: MOB 30 | B25: João Feliz | D25: 360000 | E25: 0.08 | F25: =D25*E25 -> 28800 | G25: 0 | H25: -5172 | I25: 0.105 | J25: =F25*I25 -> 3024 | K25: =ROUNDUP((F25-J25+H25),-2) -> 20700
A26: MOB 31 | B26: Alfredo Zinga | D26: 548050 | E26: 0.08 | F26: =D26*E26 -> 43844 | G26: 36000 | H26: -39200 | I26: 0.105 | J26: =F26*I26 -> 4603.62 | K26: =ROUNDUP((F26-J26+H26),-2) -> 100 | M26: 36000
A27: MOB 32 | B27: Joel Eduardo | D27: 385200 | E27: 0.08 | F27: =D27*E27 -> 30816 | G27: 0 | H27: 0 | I27: 0.105 | J27: =F27*I27 -> 3235.68 | K27: =ROUNDUP((F27-J27+H27),-2) -> 27600
A28: MOB 33 | B28: Leticia Samba | D28: 505600 | E28: 0.08 | F28: =D28*E28 -> 40448 | G28: 0 | H28: 0 | I28: 0.105 | J28: =F28*I28 -> 4247.04 | K28: =ROUNDUP((F28-J28+H28),-2) -> 36300
A29: MOB 34 | B29: Fabri Fimbu | D29: 362800 | E29: 0.08 | F29: =D29*E29 -> 29024 | G29: 0 | H29: 0 | I29: 0.105 | J29: =F29*I29 -> 3047.52 | K29: =ROUNDUP((F29-J29+H29),-2) -> 26000
A30: MOB 35 | B30: Lukombo Sita Bila | D30: 395450 | E30: 0.08 | F30: =D30*E30 -> 31636 | G30: 0 | H30: -2169 | I30: 0.105 | J30: =F30*I30 -> 3321.78 | K30: =ROUNDUP((F30-J30+H30),-2) -> 26200
A31: MOB 36 | B31: Lurdivina Mata | D31: 566200 | E31: 0.08 | F31: =D31*E31 -> 45296 | G31: 0 | H31: 0 | I31: 0.105 | J31: =F31*I31 -> 4756.08 | K31: =ROUNDUP((F31-J31+H31),-2) -> 40600
A32: MOB 37 | B32: efrahim cardoso | D32: 314750 | E32: 0.08 | F32: =D32*E32 -> 25180 | G32: 0 | H32: -1950 | I32: 0.105 | J32: =F32*I32 -> 2643.9 | K32: =ROUNDUP((F32-J32+H32),-2) -> 20600
A33: MOB 38 | B33: Joel Mafuta | D33: 384050 | E33: 0.08 | F33: =D33*E33 -> 30724 | G33: 0 | H33: 0 | I33: 0.105 | J33: =F33*I33 -> 3226.02 | K33: =ROUNDUP((F33-J33+H33),-2) -> 27500
A34: MOB 39 | B34: André Luzolo Victor | D34: 447650 | E34: 0.08 | F34: =D34*E34 -> 35812 | G34: 0 | H34: 0 | I34: 0.105 | J34: =F34*I34 -> 3760.26 | K34: =ROUNDUP((F34-J34+H34),-2) -> 32100
A35: MOB 40 | B35: Kinanga Pedro | D35: 342050 | E35: 0.08 | F35: =D35*E35 -> 27364 | G35: 0 | H35: -3673 | I35: 0.105 | J35: =F35*I35 -> 2873.22 | K35: =ROUNDUP((F35-J35+H35),-2) -> 20900
A36: MOB 41 | B36: Tresor Francisco | D36: 156550 | E36: 0.08 | F36: =D36*E36 -> 12524 | G36: 0 | H36: 0 | I36: 0 | J36: =F36*I36 -> 0 | K36: =ROUNDUP((F36-J36+H36),-2) -> 12600
A37: MOB 42 | B37: Silva Kitenge | D37: 271100 | E37: 0.08 | F37: =D37*E37 -> 21688 | G37: 0 | H37: -3841 | I37: 0 | J37: =F37*I37 -> 0 | K37: =ROUNDUP((F37-J37+H37),-2) -> 17900
A38: MOB 43 | B38: Afonso Mbuiti | D38: 209450 | E38: 0.08 | F38: =D38*E38 -> 16756 | G38: 0 | H38: 0 | I38: 0 | J38: =F38*I38 -> 0 | K38: =ROUNDUP((F38-J38+H38),-2) -> 16800
... A48: MOB 53 | B48: Anna Panzu | D48: 192150 | E48: 0.08 | F48: =D48*E48 -> 15372 | G48: 0 | H48: 0 | I48: 0 | J48: =F48*I48 -> 0 | K48: =ROUNDUP((F48-J48+H48),-2) -> 15400
A49: MOB 54 | D49: 384350 | E49: 0.08 | F49: =D49*E49 -> 30748 | G49: 0 | H49: 0 | I49: 0.105 | J49: =F49*I49 -> 3228.54 | K49: =ROUNDUP((F49-J49+H49),-2) -> 27600
A50: MOB 55 | D50: 213150 | E50: 0.08 | F50: =D50*E50 -> 17052 | G50: 0 | H50: 0 | I50: 0 | J50: =F50*I50 -> 0 | K50: =ROUNDUP((F50-J50+H50),-2) -> 17100
A51: MOB 56 | D51: 0 | E51: 0.08 | F51: =D51*E51 -> 0 | G51: 0 | H51: 0 | I51: 0 | J51: =F51*I51 -> 0 | K51: =ROUNDUP((F51-J51+H51),-2) -> 0
A52: MOB 57 | D52: 0 | E52: 0.08 | F52: =D52*E52 -> 0 | G52: 0 | H52: 0 | I52: 0 | J52: =F52*I52 -> 0 | K52: =ROUNDUP((F52-J52+H52),-2) -> 0
A53: MOB 58 | B53: Jesuana Bartolomeu | D53: 246250 | E53: 0.08 | F53: =D53*E53 -> 19700 | G53: 0 | H53: 0 | I53: 0 | J53: =F53*I53 -> 0 | K53: =ROUNDUP((F53-J53+H53),-2) -> 19700
A54: MOB 59 | B54: Luzia de Oliveira | D54: 286550 | E54: 0.08 | F54: =D54*E54 -> 22924 | G54: 0 | H54: 0 | I54: 0 | J54: =F54*I54 -> 0 | K54: =ROUNDUP((F54-J54+H54),-2) -> 23000
A55: MOB 60 | B55: Margot Mayamba | D55: 424300 | E55: 0.08 | F55: =D55*E55 -> 33944 | G55: 0 | H55: 0 | I55: 0.105 | J55: =F55*I55 -> 3564.12 | K55: =ROUNDUP((F55-J55+H55),-2) -> 30400
A56: MOB 61 | B56: Matondo Mveso | D56: 182850 | E56: 0.08 | F56: =D56*E56 -> 14628 | G56: 0 | H56: 0 | I56: 0 | J56: =F56*I56 -> 0 | K56: =ROUNDUP((F56-J56+H56),-2) -> 14700
A57: MOB 62 | B57: Ivon Iboto | D57: 111900 | E57: 0.08 | F57: =D57*E57 -> 8952 | G57: 0 | H57: 0 | I57: 0 | J57: =F57*I57 -> 0 | K57: =ROUNDUP((F57-J57+H57),-2) -> 9000
A58: MOB 63 | B58: David Miguel | D58: 524650 | E58: 0.08 | F58: =D58*E58 -> 41972 | G58: 0 | H58: 0 | I58: 0.105 | J58: =F58*I58 -> 4407.06 | K58: =ROUNDUP((F58-J58+H58),-2) -> 37600
A59: MOB 64 | B59: Arilson Magueira | D59: 48700 | E59: 0.08 | F59: =D59*E59 -> 3896 | G59: 0 | H59: 0 | I59: 0 | J59: =F59*I59 -> 0 | K59: =ROUNDUP((F59-J59+H59),-2) -> 3900
A60: MOB 65 | B60: Andre Bernardo | D60: 174500 | E60: 0.08 | F60: =D60*E60 -> 13960 | G60: 0 | H60: 0 | I60: 0 | J60: =F60*I60 -> 0 | K60: =ROUNDUP((F60-J60+H60),-2) -> 14000
A61: MOB 66 | B61: Julda Ibamba | D61: 108000 | E61: 0.08 | F61: =D61*E61 -> 8640 | G61: 0 | H61: 0 | I61: 0 | J61: =F61*I61 -> 0 | K61: =ROUNDUP((F61-J61+H61),-2) -> 8700
A62: MOB 67 | B62: Benedith | D62: 449300 | E62: 0.08 | F62: =D62*E62 -> 35944 | G62: 0 | H62: -3180 | I62: 0.105 | J62: =F62*I62 -> 3774.12 | K62: =ROUNDUP((F62-J62+H62),-2) -> 29000
A63: MOB 68 | B63: Carina Castelo | D63: 414100 | E63: 0.08 | F63: =D63*E63 -> 33128 | G63: 62500 | H63: -14500 | I63: 0.105 | J63: =F63*I63 -> 3478.44 | K63: =ROUNDUP((F63-J63+H63),-2) -> 15200 | M63: 62500
A64: MOB 69 | B64: Clovis Muanza | D64: 935750 | E64: 0.08 | F64: =D64*E64 -> 74860 | G64: 0 | H64: -2000 | I64: 0.105 | J64: =F64*I64 -> 7860.3 | K64: =ROUNDUP((F64-J64+H64),-2) -> 65000
A65: MOB 70 | B65: Helder Nelson | D65: 434250 | E65: 0.08 | F65: =D65*E65 -> 34740 | G65: 0 | H65: 0 | I65: 0.105 | J65: =F65*I65 -> 3647.7 | K65: =ROUNDUP((F65-J65+H65),-2) -> 31100
A66: MOB 71 | B66: Josky Nkani | D66: 810850 | E66: 0.08 | F66: =D66*E66 -> 64868 | G66: 0 | H66: -950 | I66: 0.105 | J66: =F66*I66 -> 6811.14 | K66: =ROUNDUP((F66-J66+H66),-2) -> 57200
A67: MOB 72 | B67: Thoms Tshitenge | D67: 638150 | E67: 0.08 | F67: =D67*E67 -> 51052 | G67: 0 | H67: 0 | I67: 0.105 | J67: =F67*I67 -> 5360.46 | K67: =ROUNDUP((F67-J67+H67),-2) -> 45700
A68: MOB 73 | B68: Junior Sila | D68: 801050 | E68: 0.08 | F68: =D68*E68 -> 64084 | G68: 0 | H68: 0 | I68: 0.105 | J68: =F68*I68 -> 6728.82 | K68: =ROUNDUP((F68-J68+H68),-2) -> 57400
A69: MOB 74 | B69: Jessica Paulina | D69: 536000 | E69: 0.08 | F69: =D69*E69 -> 42880 | G69: 0 | H69: -1000 | I69: 0.105 | J69: =F69*I69 -> 4502.4 | K69: =ROUNDUP((F69-J69+H69),-2) -> 37400
A70: MOB 75 | B70: joel Muanda | D70: 209550 | E70: 0.08 | F70: =D70*E70 -> 16764 | G70: 0 | H70: 0 | I70: 0 | J70: =F70*I70 -> 0 | K70: =ROUNDUP((F70-J70+H70),-2) -> 16800
A71: MOB 76 | B71: Kitoko Ludi | D71: 1092900 | E71: 0.08 | F71: =D71*E71 -> 87432 | G71: 0 | H71: 0 | I71: 0.105 | J71: =F71*I71 -> 9180.36 | K71: =ROUNDUP((F71-J71+H71),-2) -> 78300
A72: MOB 77 | B72: Fabrice | D72: 203500 | E72: 0.08 | F72: =D72*E72 -> 16280 | G72: 0 | H72: -2100 | I72: 0 | J72: =F72*I72 -> 0 | K72: =ROUNDUP((F72-J72+H72),-2) -> 14200
A73: MOB 78 | B73: Ilenda João | D73: 438200 | E73: 0.08 | F73: =D73*E73 -> 35056 | G73: 0 | H73: 0 | I73: 0.105 | J73: =F73*I73 -> 3680.88 | K73: =ROUNDUP((F73-J73+H73),-2) -> 31400
A74: MOB 79 | B74: Alvaro | D74: 737700 | E74: 0.08 | F74: =D74*E74 -> 59016 | G74: 0 | H74: 0 | I74: 0.105 | J74: =F74*I74 -> 6196.68 | K74: =ROUNDUP((F74-J74+H74),-2) -> 52900
A75: MOB 80 | B75: Mercenie | D75: 392850 | E75: 0.08 | F75: =D75*E75 -> 31428 | G75: 0 | H75: 0 | I75: 0.105 | J75: =F75*I75 -> 3299.94 | K75: =ROUNDUP((F75-J75+H75),-2) -> 28200
... A88: MOB 93 | B88: Eduardo Quinta | D88: 556350 | E88: 0.08 | F88: =D88*E88 -> 44508 | G88: 0 | H88: 0 | I88: 0.105 | J88: =F88*I88 -> 4673.34 | K88: =ROUNDUP((F88-J88+H88),-2) -> 39900
A89: MOB 94 | D89: 0 | E89: 0.08 | F89: =D89*E89 -> 0 | G89: 0 | H89: 0 | I89: 0 | J89: =F89*I89 -> 0 | K89: =ROUNDUP((F89-J89+H89),-2) -> 0
A90: MOB 95 | D90: 0 | E90: 0.08 | F90: =D90*E90 -> 0 | G90: 0 | H90: 0 | I90: 0 | J90: =F90*I90 -> 0 | K90: =ROUNDUP((F90-J90+H90),-2) -> 0
A91: MOB 96 | B91: Guimareas Nvevo | D91: 2050 | E91: 0.08 | F91: =D91*E91 -> 164 | G91: 0 | H91: 0 | I91: 0 | J91: =F91*I91 -> 0 | K91: =ROUNDUP((F91-J91+H91),-2) -> 200
A92: MOB 97 | B92: Gideão Kumessa | D92: 5900 | E92: 0.08 | F92: =D92*E92 -> 472 | G92: 0 | H92: 0 | I92: 0 | J92: =F92*I92 -> 0 | K92: =ROUNDUP((F92-J92+H92),-2) -> 500
A93: MOB 98 | B93: Debora Sebastião | D93: 126000 | E93: 0.08 | F93: =D93*E93 -> 10080 | G93: 0 | H93: 0 | I93: 0 | J93: =F93*I93 -> 0 | K93: =ROUNDUP((F93-J93+H93),-2) -> 10100
A94: MOB 99 | B94: Abubacar Tchawa | D94: 76850 | E94: 0.08 | F94: =D94*E94 -> 6148 | G94: 0 | H94: 0 | I94: 0 | J94: =F94*I94 -> 0 | K94: =ROUNDUP((F94-J94+H94),-2) -> 6200
A95: MOB 100 | B95: Yedidia Pedro | D95: 87250 | E95: 0.08 | F95: =D95*E95 -> 6980 | G95: 0 | H95: 0 | I95: 0 | J95: =F95*I95 -> 0 | K95: =ROUNDUP((F95-J95+H95),-2) -> 7000
A96: MOB 101 | B96: Claudio da Costa | D96: 23100 | E96: 0.08 | F96: =D96*E96 -> 1848 | G96: 0 | H96: 0 | I96: 0 | J96: =F96*I96 -> 0 | K96: =ROUNDUP((F96-J96+H96),-2) -> 1900
A97: MOB 102 | B97: Pedro Da Silva | D97: 23500 | E97: 0.08 | F97: =D97*E97 -> 1880 | G97: 0 | H97: 0 | I97: 0 | J97: =F97*I97 -> 0 | K97: =ROUNDUP((F97-J97+H97),-2) -> 1900
A98: MOB 103 | B98: Lukombo Mendes | D98: 100050 | E98: 0.08 | F98: =D98*E98 -> 8004 | G98: 0 | H98: 0 | I98: 0 | J98: =F98*I98 -> 0 | K98: =ROUNDUP((F98-J98+H98),-2) -> 8100
A99: MOB 104 | B99: Miguel Diogo | D99: 2900 | E99: 0.08 | F99: =D99*E99 -> 232 | G99: 0 | H99: 0 | I99: 0 | J99: =F99*I99 -> 0 | K99: =ROUNDUP((F99-J99+H99),-2) -> 300
A100: MOB 105 | B100: Xavier Jose Gafanhoto | D100: 13800 | E100: 0.08 | F100: =D100*E100 -> 1104 | G100: 0 | H100: 0 | I100: 0 | J100: =F100*I100 -> 0 | K100: =ROUNDUP((F100-J100+H100),-2) -> 1200
A101: MOB 106 | B101: Gilson de Jesus | D101: 3400 | E101: 0.08 | F101: =D101*E101 -> 272 | G101: 0 | H101: 0 | I101: 0 | J101: =F101*I101 -> 0 | K101: =ROUNDUP((F101-J101+H101),-2) -> 300
A102: MOB 107 | B102: Augusto felix | D102: 1200 | E102: 0.08 | F102: =D102*E102 -> 96 | G102: 0 | H102: 0 | I102: 0 | J102: =F102*I102 -> 0 | K102: =ROUNDUP((F102-J102+H102),-2) -> 100
A103: MOB 108 | B103: Adilson Branco | D103: 2200 | E103: 0.08 | F103: =D103*E103 -> 176 | G103: 0 | H103: 0 | I103: 0 | J103: =F103*I103 -> 0 | K103: =ROUNDUP((F103-J103+H103),-2) -> 200
A104: MOB 109 | D104: 0 | E104: 0.08 | F104: =D104*E104 -> 0 | G104: 0 | H104: 0 | I104: 0 | J104: =F104*I104 -> 0 | K104: =ROUNDUP((F104-J104+H104),-2) -> 0
A105: MOB 110 | D105: 0 | E105: 0.08 | F105: =D105*E105 -> 0 | G105: 0 | H105: 0 | I105: 0 | J105: =F105*I105 -> 0 | K105: =ROUNDUP((F105-J105+H105),-2) -> 0
A106: MOB 111 | B106: Garcia Bukula | D106: 425450 | E106: 0.08 | F106: =D106*E106 -> 34036 | G106: 0 | H106: -2905 | I106: 0.105 | J106: =F106*I106 -> 3573.78 | K106: =ROUNDUP((F106-J106+H106),-2) -> 27600
A107: MOB 112 | B107: Marten Kinsala | D107: 670650 | E107: 0.08 | F107: =D107*E107 -> 53652 | G107: 0 | H107: -12389 | I107: 0.105 | J107: =F107*I107 -> 5633.46 | K107: =ROUNDUP((F107-J107+H107),-2) -> 35700
A108: MOB 113 | B108: Luzolo Elo | D108: 783350 | E108: 0.08 | F108: =D108*E108 -> 62668 | G108: 0 | H108: 0 | I108: 0.105 | J108: =F108*I108 -> 6580.14 | K108: =ROUNDUP((F108-J108+H108),-2) -> 56100
A109: MOB 114 | B109: Alegria Ntingi | D109: 448400 | E109: 0.08 | F109: =D109*E109 -> 35872 | G109: 0 | H109: 0 | I109: 0.105 | J109: =F109*I109 -> 3766.56 | K109: =ROUNDUP((F109-J109+H109),-2) -> 32200
A110: MOB 115 | B110: Junior Mundeke | D110: 1818050 | E110: 0.08 | F110: =D110*E110 -> 145444 | G110: 0 | H110: 0 | I110: 0.105 | J110: =F110*I110 -> 15271.62 | K110: =ROUNDUP((F110-J110+H110),-2) -> 130200
A111: MOB 116 | B111: Daniel Issa | D111: 453200 | E111: 0.08 | F111: =D111*E111 -> 36256 | G111: 0 | H111: 0 | I111: 0.105 | J111: =F111*I111 -> 3806.88 | K111: =ROUNDUP((F111-J111+H111),-2) -> 32500
A112: MOB 117 | B112: Pedro Mbemba | D112: 787100 | E112: 0.08 | F112: =D112*E112 -> 62968 | G112: 0 | H112: -1900 | I112: 0.105 | J112: =F112*I112 -> 6611.64 | K112: =ROUNDUP((F112-J112+H112),-2) -> 54500
A113: MOB 118 | B113: Mauricio Isa | D113: 2550600 | E113: 0.08 | F113: =D113*E113 -> 204048 | G113: 0 | H113: 0 | I113: 0.105 | J113: =F113*I113 -> 21425.04 | K113: =ROUNDUP((F113-J113+H113),-2) -> 182700
A114: MOB 119 | B114: Garcia Nsuka | D114: 314550 | E114: 0.08 | F114: =D114*E114 -> 25164 | G114: 0 | H114: 0 | I114: 0.105 | J114: =F114*I114 -> 2642.22 | K114: =ROUNDUP((F114-J114+H114),-2) -> 22600
A115: MOB 120 | B115: Miguel Beyu | D115: 282800 | E115: 0.08 | F115: =D115*E115 -> 22624 | G115: 0 | H115: 0 | I115: 0 | J115: =F115*I115 -> 0 | K115: =ROUNDUP((F115-J115+H115),-2) -> 22700
A116: MOB 121 | B116: Dieu Makengo | D116: 854150 | E116: 0.08 | F116: =D116*E116 -> 68332 | G116: 0 | H116: 0 | I116: 0.105 | J116: =F116*I116 -> 7174.86 | K116: =ROUNDUP((F116-J116+H116),-2) -> 61200
A117: MOB 122 | B117: Mawete Geremias | D117: 500650 | E117: 0.08 | F117: =D117*E117 -> 40052 | G117: 0 | H117: 0 | I117: 0.105 | J117: =F117*I117 -> 4205.46 | K117: =ROUNDUP((F117-J117+H117),-2) -> 35900
... A119: MOB 124 | B119: Kapenda Lossa | D119: 341900 | E119: 0.08 | F119: =D119*E119 -> 27352 | G119: 0 | H119: -1340 | I119: 0.105 | J119: =F119*I119 -> 2871.96 | K119: =ROUNDUP((F119-J119+H119),-2) -> 23200
A120: MOB 125 | B120: Richani | D120: 407550 | E120: 0.08 | F120: =D120*E120 -> 32604 | G120: 25000 | H120: -12900 | I120: 0.105 | J120: =F120*I120 -> 3423.42 | K120: =ROUNDUP((F120-J120+H120),-2) -> 16300 | M120: 25000
A121: MOB 126 | B121: Gradi Biteso | D121: 771500 | E121: 0.08 | F121: =D121*E121 -> 61720 | G121: 0 | H121: 0 | I121: 0.105 | J121: =F121*I121 -> 6480.6 | K121: =ROUNDUP((F121-J121+H121),-2) -> 55300
A122: MOB 127 | B122: Achil Kindo | D122: 376050 | E122: 0.08 | F122: =D122*E122 -> 30084 | G122: 0 | H122: -3808 | I122: 0.105 | J122: =F122*I122 -> 3158.82 | K122: =ROUNDUP((F122-J122+H122),-2) -> 23200
...

Sheet RECIBOS_MAIO
C2: MOTA TAVARES & BARROS SA | K2: MOTA TAVARES & BARROS SA
D4: RECIBO DE PAGAMENTO | L4: RECIBO DE PAGAMENTO
B5: Nome | C5: =GERAL_MAIO!B2 -> Lady | J5: Nome | K5: =GERAL_MAIO!B2 -> Lady
B7: Agencia | C7: =GERAL_MAIO!C2 -> PALANCA | F7: Zona | J7: Agencia | K7: =GERAL_MAIO!C2 -> PALANCA | N7: Zona
B9: Mob | C9: =(GERAL_MAIO!A2) -> MOB 07 | J9: Mob | K9: =GERAL_MAIO!A2 -> MOB 07
B13: Venda Mensal | D13: =GERAL_MAIO!D2 -> 264250 | H13: =D13 -> 264250 | J13: Venda Mensal | L13: =(D13) -> 264250 | P13: =(H13) -> 264250
B15: Comissão Bruta | D15: 0.08 | H15: =(GERAL_MAIO!F2) -> 21140 | J15: Comissão Bruta | L15: 0.08 | P15: =(H15) -> 21140
B17: I. R. T | D17: 0.105 | H17: =(GERAL_MAIO!J2) -> 0 | J17: I. R. T | L17: 0.105 | P17: =(H17) -> 0
B19: Valor em dívida | H19: =GERAL_MAIO!G2 -> 0 | J19: Valor em dívida | P19: =GERAL_MAIO!G2 -> 0
B21: Descontos | H21: =GERAL_MAIO!H2 -> 0 | J21: Descontos | P21: =GERAL_MAIO!H2 -> 0
B23: Total descontado | H23: =(H17+H21) -> 0 | J23: Total descontado | P23: =P21-P17 -> 0
B25: Total a receber: | H25: =GERAL_MAIO!K2 -> 21200 | J25: Total a receber: | P25: =GERAL_MAIO!K2 -> 21200
B28: Assinatura: | J28: Assinatura:
C31: MOTA TAVARES & BARROS SA | K31: MOTA TAVARES & BARROS SA
D33: RECIBO DE PAGAMENTO | L33: RECIBO DE PAGAMENTO
B34: Nome | C34: =GERAL_MAIO!B31 -> Lurdivina Mata | J34: Nome | K34: =GERAL_MAIO!B31 -> Lurdivina Mata
B36: Agencia | C36: =GERAL_MAIO!C31 -> 0 | F36: Zona | J36: Agencia | K36: =GERAL_MAIO!C31 -> 0 | N36: Zona
B38: Mob | C38: =(GERAL_MAIO!A31) -> MOB 36 | J38: Mob | K38: =GERAL_MAIO!A31 -> MOB 36
B42: Venda Mensal | D42: =GERAL_MAIO!#REF! -> #REF! | H42: =D42 -> #REF! | J42: Venda Mensal | L42: =GERAL_MAIO!D31 -> 566200 | P42: =L42 -> 566200
B44: Comissão Bruta | D44: =GERAL_MAIO!#REF! -> #REF! | H44: =H42*D44 -> #REF! | J44: Comissão Bruta | L44: 1.08 | P44: =P42*L44 -> 611496
B46: I. R. T | D46: =GERAL_MAIO!#REF! -> #REF! | H46: =H44*D46 -> #REF! | J46: I. R. T | L46: =GERAL_MAIO!I31 -> 0.105 | P46: =P44*L46 -> 64207.08
B48: Valor em dívida | H48: =GERAL_MAIO!#REF! -> #REF! | J48: Valor em dívida | P48: =GERAL_MAIO!G31 -> 0
B50: Descontos | H50: =GERAL_MAIO!#REF! -> #REF! | J50: Descontos | P50: =GERAL_MAIO!H31 -> 0
B52: Total descontado | H52: =H50-H46 -> #REF! | J52: Total descontado | P52: =P50-P46 -> -64207.08
B54: Total a receber: | H54: =GERAL_MAIO!#REF! -> #REF! | J54: Total a receber: | P54: =GERAL_MAIO!K31 -> 40600
B57: Assinatura: | J57: Assinatura:
